[Event "Friday 12 January Rapid Engine Tour12+1 Rponds 9 Starts 1600 ST"]
[Site "Infinity Chess"]
[Date "2018.1.12"]
[Round "8"]
[White "MarioDeMonti"]
[Black "SkyPilot"]
[Result "1/2-1/2"]
[ECO "C55"]
[WhiteElo "2406"]
[BlackElo "2433"]
[WhiteEngine "stockfish_x64_bmi2_2018_01_01_CTG"]
[BlackEngine "stockfish_x64_bmi2_2018_01_01_CTG"]
[EventType "Swiss"]
[WhiteTeam ""]
[BlackTeam ""]
[PlyCount "108"]
[TimeControl "720+1"]

1. e4 e5 2. Nf3 Nc6 3. Bc4 Nf6 4. d3 Bc5 5. c3 d6 6. O-O O-O 7. Bg5 h6 8. Bh4 g5 
9. Bg3 a5 10. a4 Kg7 11. Nbd2 Ba7 12. Nb3 Be6 13. Bxe6 fxe6 14. Nbd2 Qe8 
15. Ra3 Bc5 16. Rb3 b6 17. Nc4 Nh5 18. d4 exd4 19. cxd4 Rxf3 20. Rxf3 Nxd4 
21. Rd3 e5 22. Kh1 Rb8 23. Ne3 Qg6 24. Nf5+ Nxf5 25. exf5 Qe8 26. Re1 Rc8 
27. Re2 Kh8 28. h3 Qf7 29. Bh2 Nf4 30. Bxf4 gxf4 31. g4 Qf6 32. f3 Rf8 33. h4 h5 
34. Qf1 hxg4 35. fxg4 c6 36. Qh3 d5 37. Rf3 Bd6 38. Rc3 e4 39. Rxc6 f3 
40. Rec2 Qd4 41. Qf1 Bc5 42. R2xc5 bxc5 43. Qa6 Qd1+ 44. Kh2 Qe2+ 45. Kg3 Qxa6 
46. Rxa6 d4 47. f6 d3 48. Rd6 Kh7 49. h5 Kh6 50. b3 Rc8 51. Rd7 Kg5 52. Rd6 Kh6 
53. Rd7 Kg5 54. Rd6 Kh6 1/2-1/2

[Event "Friday 12 January Rapid Engine Tour12+1 Rponds 9 Starts 1600 ST"]
[Site "Infinity Chess"]
[Date "2018.1.12"]
[Round "8"]
[White "Satria_Ungu"]
[Black "ocirema"]
[Result "1/2-1/2"]
[ECO "D04"]
[WhiteElo "2408"]
[BlackElo "2397"]
[WhiteEngine "Houdini 6"]
[BlackEngine "stockfish_18010422_x64_modern_CTG"]
[EventType "Swiss"]
[WhiteTeam ""]
[BlackTeam ""]
[PlyCount "112"]
[TimeControl "720+1"]

1. d4 d5 2. Nf3 Nf6 3. e3 c5 4. c4 cxd4 5. exd4 g6 6. Qb3 Bg7 7. Nc3 O-O 
8. cxd5 Nbd7 9. Bc4 Nb6 10. O-O Nxc4 11. Qxc4 b6 12. Bg5 Bb7 13. Bxf6 Bxf6 
14. Ne5 Rc8 15. Qb3 Qd6 16. Rfd1 Rfd8 17. Nc4 Qd7 18. Ne3 Bg5 19. h3 Bxe3 
20. fxe3 Bxd5 21. Qxd5 Qxd5 22. Nxd5 Rxd5 23. Rac1 Rxc1 24. Rxc1 e5 25. dxe5 a5 
26. Rc6 b5 27. a3 a4 28. Rb6 Rxe5 29. Kf2 Rc5 30. Kf3 Rf5+ 31. Ke2 Rc5 
32. Kd3 Kg7 33. g3 Rg5 34. g4 h5 35. e4 hxg4 36. hxg4 Rxg4 37. Rxb5 Rg2 
38. Ke3 Kf6 39. Rb4 g5 40. Kf3 Rh2 41. Rxa4 Rxb2 42. Ra6+ Ke5 43. Ra5+ Kf6 
44. Rf5+ Kg6 45. a4 Rh2 46. Ke3 Ra2 47. a5 Ra3+ 48. Kf2 g4 49. Rb5 Kf6 
50. Rf5+ Ke7 51. Rg5 Ke6 52. Rxg4 Kf6 53. e5+ Kxe5 54. Rg5+ Kf4 55. Rg7 Ra2+ 
56. Ke1 f6 1/2-1/2

[Event "Friday 12 January Rapid Engine Tour12+1 Rponds 9 Starts 1600 ST"]
[Site "Infinity Chess"]
[Date "2018.1.12"]
[Round "8"]
[White "miguello"]
[Black "KillBill2017"]
[Result "1/2-1/2"]
[ECO "E20"]
[WhiteElo "2421"]
[BlackElo "2397"]
[WhiteEngine "asmFishW_2017-11-19_popcnt_CTG"]
[BlackEngine "asmFishW_2018-01-12_popcnt_CTG"]
[EventType "Swiss"]
[WhiteTeam ""]
[BlackTeam ""]
[PlyCount "189"]
[TimeControl "720+1"]

1. d4 Nf6 2. c4 e6 3. Nc3 d5 4. Nf3 c6 5. e3 Nbd7 6. Qc2 Bd6 7. Bd3 dxc4 
8. Bxc4 O-O 9. O-O a6 10. Rd1 b5 11. Be2 Qc7 12. Ne4 Nxe4 13. Qxe4 Bb7 
14. b3 Be7 15. Qg4 c5 16. Bb2 Nf6 17. Qh3 cxd4 18. Bxd4 Rac8 19. a4 Rfd8 
20. axb5 axb5 21. Qg3 Qxg3 22. hxg3 Bd5 23. Ne5 Bxb3 24. Rdc1 Rxc1+ 25. Rxc1 Ba4 
26. Nc6 Ba3 27. Ra1 Rc8 28. Na7 Rc1+ 29. Rxc1 Bxc1 30. Nxb5 Bd2 31. Nc3 Bc6 
32. g4 Nd7 33. f3 e5 34. Nb1 Bb4 35. Bc3 Bxc3 36. Nxc3 f6 37. Bc4+ Kf8 
38. Bd3 Kf7 39. Kf2 Nb6 40. f4 h6 41. f5 Na4 42. Be4 Be8 43. Bd5+ Ke7 
44. Ne4 Nb6 45. Bb3 Nc8 46. Nc5 Nd6 47. e4 g5 48. Kf3 Bc6 49. Ke3 Nb5 
50. Ba4 Kd6 51. Nd3 Nc3 52. Bxc6 Kxc6 53. Nf2 Kd6 54. Kd2 Nb5 55. Kd3 Nd4 
56. Nd1 Kc5 57. Nc3 Nc6 58. Na4+ Kb5 59. Nc3+ Kc5 60. Ne2 Kd6 61. Kd2 Nb4 
62. Ke3 Nc6 63. Kd2 Kc5 64. Kd3 Kd6 65. Kc4 Na5+ 66. Kc3 Nb7 67. Kd2 Na5 
68. Nc3 Nc4+ 69. Kd3 Nb6 70. Ne2 Nd7 71. Ng3 Ke7 72. Ne2 Nc5+ 73. Ke3 Nd7 
74. Kd3 Nc5+ 75. Ke3 Na4 76. Kf2 Kf7 77. Ng3 Nc5 78. Ke3 Na4 79. Kd3 Nb2+ 
80. Kd2 Nc4+ 81. Kd3 Nb2+ 82. Ke3 Na4 83. Kd3 Ke7 84. Ne2 Nb6 85. Kc3 Nd7 
86. Kb4 Kd6 87. Ng3 Kc6 88. Nh5 Kb6 89. Ng3 Kc6 90. Kc3 Kd6 91. Kb4 Nc5 
92. Kc3 Nd7 93. Nf1 Ke7 94. Kb4 Kd6 95. Ng3 1/2-1/2

[Event "Friday 12 January Rapid Engine Tour12+1 Rponds 9 Starts 1600 ST"]
[Site "Infinity Chess"]
[Date "2018.1.12"]
[Round "8"]
[White "IronMan"]
[Black "Thinker"]
[Result "1/2-1/2"]
[ECO "A07"]
[WhiteElo "2421"]
[BlackElo "2450"]
[WhiteEngine "Stockfish SL FA PB BMI2"]
[BlackEngine "BrainFish_180106_x64_modern_CTG"]
[EventType "Swiss"]
[WhiteTeam ""]
[BlackTeam ""]
[PlyCount "197"]
[TimeControl "720+1"]

1. Nf3 d5 2. g3 Nf6 3. Bg2 c5 4. O-O e6 5. d4 cxd4 6. Nxd4 e5 7. Nf3 Nc6 
8. c4 d4 9. e3 Be7 10. exd4 exd4 11. Bf4 O-O 12. Ne5 Qb6 13. Re1 Nxe5 
14. Bxe5 Rd8 15. Nd2 Ng4 16. Bf4 d3 17. Qf3 Be6 18. b4 h5 19. a3 Qd4 
20. Rad1 Rd7 21. c5 Rad8 22. Re4 Qd5 23. h3 Nf6 24. Re5 Qd4 25. Ree1 a5 
26. Be5 Qd5 27. Qf4 Qa2 28. b5 Nd5 29. Qf3 Bxc5 30. Ne4 Bxa3 31. Ra1 Qb3 
32. Bf1 Ne7 33. Nf6+ Kf8 34. Nxd7+ Rxd7 35. Re3 Ng6 36. Bb8 Bc4 37. Qf5 Be6 
38. Qf3 Bc4 39. Qf5 Be6 40. Rxa3 Bxf5 41. Rxb3 d2 42. Be2 d1=Q+ 43. Bxd1 Rxd1+ 
44. Kh2 Ne7 45. g4 hxg4 46. hxg4 Bxg4 47. Red3 Rxd3 48. Rxd3 Nc8 49. Kg3 Be6 
50. Rc3 g5 51. Be5 Ke8 52. Rc7 b6 53. Bf6 g4 54. Kf4 a4 55. Bb2 Nd6 56. Ra7 Nxb5 
57. Rxa4 Kd7 58. Ra1 Nd6 59. Rc1 Nc4 60. Bc3 Kc6 61. Ke4 Kc5 62. Rb1 Kc6 
63. Bb4 Na5 64. Ra1 Nb3 65. Rd1 Nc5+ 66. Kd4 Nb3+ 67. Kc3 Nc5 68. Kd4 Kb5 
69. Ba3 Nb3+ 70. Kc3 Nc5 71. Kd4 Nb3+ 72. Kc3 Nc5 73. Re1 Kc6 74. Kd4 Nb3+ 
75. Kc3 Nc5 76. Kd4 Nb3+ 77. Ke3 Kd5 78. Rd1+ Kc4 79. Rd6 Kb5 80. Rd8 Kc4 
81. Rd6 Kb5 82. Kf4 Ka4 83. Bb2 b5 84. Bg7 Nc5 85. Bf8 Kb3 86. Ke3 Na4 
87. Rd3+ Kc4 88. Rd1 Nc3 89. Rd2 Nd5+ 90. Ke4 b4 91. Rd4+ Kc3 92. Rd3+ Kc2 
93. Rxd5 Bxd5+ 94. Kxd5 b3 95. Ba3 b2 96. Bxb2 Kxb2 97. Kd4 Kb3 98. Ke4 Kc4 
99. Kf5 1/2-1/2

[Event "Friday 12 January Rapid Engine Tour12+1 Rponds 9 Starts 1600 ST"]
[Site "Infinity Chess"]
[Date "2018.1.12"]
[Round "8"]
[White "Dovahkiin"]
[Black "KhalidOmar"]
[Result "1/2-1/2"]
[ECO ""]
[WhiteElo "2444"]
[BlackElo "2451"]
[WhiteEngine "BrainFish_180106_x64_modern_CTG"]
[BlackEngine "Eman 1.61a 64-bit BMI2"]
[EventType "Swiss"]
[WhiteTeam ""]
[BlackTeam ""]
[PlyCount "233"]
[TimeControl "720+1"]

1. e3 Nf6 2. d3 c5 3. d4 g6 4. Nf3 Bg7 5. Be2 O-O 6. O-O d5 7. dxc5 Ne4 
8. Nc3 Bxc3 9. bxc3 Nxc3 10. Qe1 Nxe2+ 11. Qxe2 Qc7 12. c4 Qxc5 13. cxd5 Qxd5 
14. e4 Qh5 15. Rb1 b6 16. Qe3 Qc5 17. Qxc5 bxc5 18. Ba3 Na6 19. Rb5 Rd8 
20. h3 Be6 21. Ra5 Rd6 22. Bc1 Bc4 23. Re1 Nb4 24. Bf4 Re6 25. Rc1 Rxe4 
26. Be3 Nxa2 27. Ra1 Bd5 28. Bxc5 Nc3 29. Rxa7 Rxa7 30. Rxa7 Kf8 31. Kh2 f6 
32. Nd4 Bf7 33. f3 Re5 34. Bb4 Nd5 35. Bd2 Be8 36. Rb7 h5 37. h4 Ba4 38. Kg3 Ne3 
39. Bb4 Nc2 40. Nxc2 Bxc2 41. Kf4 Ba4 42. Ra7 Bc6 43. Rc7 Bb5 44. Kg3 Bd3 
45. Bc5 Bb5 46. Ba3 Ke8 47. Ra7 Re2 48. Bb4 Bc6 49. Ra6 Kd7 50. Ra7+ Ke8 
51. Ra6 Kd7 52. Ra7+ Kd8 53. Ra6 Bd5 54. Ra5 Bc6 55. Ra6 Rc2 56. Ra7 Bd7 
57. Ra8+ Bc8 58. Ra7 Re2 59. Ra8 Re6 60. Kf2 Rc6 61. Ra7 Bd7 62. Ra8+ Rc8 
63. Rxc8+ Bxc8 64. Bc3 Kd7 65. f4 Kc6 66. Bb4 Kd7 67. Bc3 Kc6 68. Bb4 e5 
69. Be7 exf4 70. Bxf6 Kd5 71. Kf3 Ke6 72. Bg5 Kf5 73. Bxf4 Bb7+ 74. Kg3 Bxg2 
75. Bc1 Bd5 76. Be3 Ke4 77. Bg1 Kf5 78. Be3 Bc6 79. Bc5 Bd7 80. Bd6 Be6 
81. Bc5 Bf7 82. Bd4 Ba2 83. Bg1 Be6 84. Bf2 Ke5 85. Be3 Bd5 86. Bc5 Ke4 
87. Ba3 Be6 88. Bd6 Bd5 89. Bc5 Bc4 90. Bg1 Ba6 91. Bc5 Bc4 92. Ba3 Be6 
93. Bb4 Bc4 94. Bc5 Ke5 95. Be3 Ba6 96. Bc1 Kf5 97. Bb2 Bf1 98. Bd4 Ke4 
99. Bf6 Be2 100. Bb2 Ba6 101. Bg7 Kf5 102. Bb2 Ke4 103. Ba3 Bc4 104. Bc5 Bd5 
105. Bd6 Kf5 106. Bc5 Ke5 107. Be3 Bg8 108. Bd2 Ke4 109. Bc1 Bc4 110. Bf4 Be2 
111. Bg5 Ke5 112. Be3 Ke4 113. Bg5 Bd1 114. Bf6 Bg4 115. Bc3 Kd3 116. Bb4 g5 
117. hxg5 1/2-1/2

[Event "Friday 12 January Rapid Engine Tour12+1 Rponds 9 Starts 1600 ST"]
[Site "Infinity Chess"]
[Date "2018.1.12"]
[Round "8"]
[White "RonWeasley"]
[Black "Time_bandit"]
[Result "1/2-1/2"]
[ECO "C55"]
[WhiteElo "2432"]
[BlackElo "2454"]
[WhiteEngine "BrainFish 060118_CTG"]
[BlackEngine "asmFishW_2017-11-19_popcnt"]
[EventType "Swiss"]
[WhiteTeam ""]
[BlackTeam ""]
[PlyCount "126"]
[TimeControl "720+1"]

1. e4 e5 2. Nf3 Nc6 3. Bc4 Nf6 4. d3 Bc5 5. c3 d6 6. Bg5 h6 7. Bh4 g5 8. Bg3 a6 
9. O-O O-O 10. Bb3 Ba7 11. Nbd2 Na5 12. Ba4 Nh5 13. b4 Nxg3 14. hxg3 Nc6 
15. Bxc6 bxc6 16. Nb3 Re8 17. Qd2 Rb8 18. Rab1 Qf6 19. c4 Bg4 20. Nh2 Be6 
21. Rfc1 Bd7 22. c5 h5 23. a3 h4 24. gxh4 gxh4 25. Nf3 h3 26. Qe3 hxg2 
27. Kxg2 Kf8 28. Kf1 Ke7 29. Ke2 dxc5 30. Rg1 Rg8 31. Nbd2 Rxg1 32. Rxg1 Rb7 
33. bxc5 Rb5 34. Nc4 Bxc5 35. Qd2 a5 36. a4 Rb4 37. Ncxe5 Bd6 38. Nc4 Bf4 
39. e5 Qh6 40. Qc3 c5 41. Nxa5 Qb6 42. Nc4 Qc6 43. Nfd2 Rxa4 44. Ne3 Be6 
45. Ra1 Rxa1 46. Qxa1 Bxe3 47. Kxe3 Bd5 48. Qc3 Qh6+ 49. Ke2 Qh5+ 50. Ke3 Qh6+ 
51. Ke2 Ke6 52. Qxc5 Qh5+ 53. Ke1 Qxe5+ 54. Qe3 Qxe3+ 55. fxe3 f5 56. d4 f4 
57. e4 Kd6 58. Ke2 Ke6 59. Kf3 Kd6 60. exd5 Kxd5 61. Nb3 Kc4 62. Nc5 Kd5 
63. Nb3 c6 1/2-1/2

[Event "Friday 12 January Rapid Engine Tour12+1 Rponds 9 Starts 1600 ST"]
[Site "Infinity Chess"]
[Date "2018.1.12"]
[Round "8"]
[White "THE_MACHINE"]
[Black "Cepri"]
[Result "1/2-1/2"]
[ECO "C50"]
[WhiteElo "2483"]
[BlackElo "2461"]
[WhiteEngine "Houdini 6"]
[BlackEngine "BrainFish_180106_x64"]
[EventType "Swiss"]
[WhiteTeam ""]
[BlackTeam ""]
[PlyCount "115"]
[TimeControl "720+1"]

1. e4 e5 2. Nf3 Nc6 3. Bc4 Bc5 4. O-O Nf6 5. d3 d6 6. c3 O-O 7. h3 a5 8. Nbd2 h6 
9. Re1 Be6 10. a4 Bxc4 11. Nxc4 Re8 12. Be3 Bxe3 13. Nxe3 Qd7 14. Nh4 Ne7 
15. Qf3 b6 16. d4 exd4 17. cxd4 Qe6 18. Ng4 Nxg4 19. hxg4 d5 20. e5 c5 
21. Nf5 Nc6 22. Rad1 Nxd4 23. Nxd4 cxd4 24. Rxd4 Rad8 25. Re3 Re7 26. b3 Rc7 
27. Kh2 Rc1 28. g3 b5 29. axb5 Rc5 30. Qf4 Rxb5 31. g5 h5 32. Kg2 Rb4 
33. Rxb4 axb4 34. Qd4 Kh7 35. Rf3 Kg6 36. Rd3 Rc8 37. Re3 Rb8 38. Re2 Kxg5 
39. Rd2 Kg6 40. Qxd5 Qxd5+ 41. Rxd5 Rc8 42. Rd4 Kf5 43. Rxb4 Kxe5 44. Rb5+ Ke6 
45. Rxh5 Rb8 46. Rh4 Rxb3 47. Re4+ Kf5 48. Rf4+ Ke6 49. Re4+ Kf5 50. Rf4+ Kg6 
51. Rg4+ Kh7 52. Ra4 Rb2 53. Kf3 f6 54. Re4 Rb3+ 55. Ke2 g5 56. Ra4 Rb2+ 
57. Ke3 Kg6 58. Ra6 1/2-1/2

[Event "Friday 12 January Rapid Engine Tour12+1 Rponds 9 Starts 1600 ST"]
[Site "Infinity Chess"]
[Date "2018.1.12"]
[Round "8"]
[White "Vimtiroba"]
[Black "Katzenmaier"]
[Result "1/2-1/2"]
[ECO "C26"]
[WhiteElo "2462"]
[BlackElo "2484"]
[WhiteEngine "AsmFish@J10V3_CTG"]
[BlackEngine "S_XPrO.251117.x64.POPCNT_CTG"]
[EventType "Swiss"]
[WhiteTeam ""]
[BlackTeam ""]
[PlyCount "112"]
[TimeControl "720+1"]

1. e4 e5 2. Nc3 Nf6 3. g3 d5 4. exd5 Nxd5 5. Bg2 Nxc3 6. bxc3 Bc5 7. Nf3 Nc6 
8. O-O O-O 9. d3 f6 10. Nd2 Be6 11. Nb3 Be7 12. f4 Bd5 13. f5 Bxg2 14. Kxg2 Qd5+ 
15. Qf3 Qxf3+ 16. Kxf3 Bd6 17. Nd2 g6 18. Kg2 Ne7 19. fxg6 hxg6 20. a4 Kf7 
21. Nc4 Ke6 22. Bd2 Nf5 23. Rae1 Rae8 24. Bc1 Rh8 25. h3 Kd7 26. Be3 b6 
27. Bf2 Re6 28. a5 Ne7 29. Nxd6 Kxd6 30. Ra1 f5 31. axb6 axb6 32. Be3 Re8 
33. Bg5 Kd7 34. g4 f4 35. c4 Nc8 36. h4 Nd6 37. Rfe1 Nf7 38. Re4 Nxg5 
39. hxg5 Kd6 40. Rh1 Ra8 41. Kf3 Ra2 42. Re2 c6 43. Rh6 Ra3 44. Kg2 e4 
45. Rxe4 Rxe4 46. dxe4 Ke5 47. Rxg6 Rg3+ 48. Kf1 Rxg4 49. Rxc6 Rxg5 
50. Rxb6 Kxe4 51. Rf6 Re5 52. Rd6 Rg5 53. Re6+ Re5 54. Rxe5+ Kxe5 55. c3 Kd6 
56. Kf2 Ke6 1/2-1/2

[Event "Friday 12 January Rapid Engine Tour12+1 Rponds 9 Starts 1600 ST"]
[Site "Infinity Chess"]
[Date "2018.1.12"]
[Round "8"]
[White "Marsell"]
[Black "Eman"]
[Result "1/2-1/2"]
[ECO "C53"]
[WhiteElo "2485"]
[BlackElo "2468"]
[WhiteEngine "asmFishW_2018-01-11_popcnt"]
[BlackEngine "Eman 1.61a 64-bit POPCNT"]
[EventType "Swiss"]
[WhiteTeam ""]
[BlackTeam ""]
[PlyCount "138"]
[TimeControl "720+1"]

1. e4 e5 2. Nf3 Nc6 3. Bc4 Bc5 4. c3 Nf6 5. d3 O-O 6. O-O d6 7. h3 a5 8. Nbd2 h6 
9. Re1 Be6 10. b3 Ba7 11. a4 d5 12. exd5 Nxd5 13. Ne4 Re8 14. Bd2 Nf6 
15. Qe2 Qe7 16. Rab1 Rad8 17. Bb5 Bd5 18. c4 Bxe4 19. dxe4 Rxd2 20. Qxd2 Rd8 
21. Qe2 Nd4 22. Nxd4 Rxd4 23. c5 Bxc5 24. Bd3 g6 25. Qc2 Kg7 26. Rbd1 Rb4 
27. Kh2 c6 28. g3 h5 29. Kg2 h4 30. Rf1 Qf8 31. Rb1 Ba7 32. Rfd1 Qa8 33. Rf1 Qd8 
34. Bc4 b5 35. Rfd1 Qe7 36. Bd3 Qe6 37. Rdc1 Qd7 38. Rd1 Qd4 39. Qe2 Qb6 
40. Bc2 Qc5 41. Ra1 Bb6 42. Rd2 Qc3 43. Rdd1 Nh5 44. Qd2 Qc5 45. Qe2 Kh7 
46. Rac1 Qe7 47. Ra1 Kg8 48. Qd3 Rd4 49. Qf3 Rb4 50. Rd2 Ng7 51. axb5 cxb5 
52. Qc3 Ne6 53. Qxe5 hxg3 54. Qb8+ Kg7 55. Qxb6 Qf6 56. Qxa5 Qc3 57. Rad1 Nf4+ 
58. Kg1 Nxh3+ 59. Kg2 Nf4+ 60. Kg1 Nh3+ 61. Kg2 Nf4+ 62. Kg1 Qf3 63. Qa1+ Kh7 
64. fxg3 Qxg3+ 65. Kf1 Qh3+ 66. Kg1 Qg3+ 67. Kf1 Qh3+ 68. Kg1 Qg4+ 69. Kf1 Qh3+ 
1/2-1/2

[Event "Friday 12 January Rapid Engine Tour12+1 Rponds 9 Starts 1600 ST"]
[Site "Infinity Chess"]
[Date "2018.1.12"]
[Round "8"]
[White "Deep_Impact"]
[Black "Wolle"]
[Result "1/2-1/2"]
[ECO "D11"]
[WhiteElo "2503"]
[BlackElo "2472"]
[WhiteEngine "BrainFish_171226_x64_modern"]
[BlackEngine "Raubfisch X37a2_CTG"]
[EventType "Swiss"]
[WhiteTeam ""]
[BlackTeam ""]
[PlyCount "102"]
[TimeControl "720+1"]

1. d4 d5 2. c4 c6 3. Nf3 Nf6 4. e3 e6 5. Nbd2 c5 6. cxd5 exd5 7. b3 Nc6 
8. Bb2 a6 9. Bd3 cxd4 10. Nxd4 Ne5 11. Qe2 Bg4 12. N4f3 Bd6 13. h3 Bh5 
14. Rc1 Nc6 15. O-O O-O 16. Bf5 Qe7 17. Qd3 Rad8 18. Bxf6 Qxf6 19. Bxh7+ Kh8 
20. g4 Nb4 21. Qf5 Qh6 22. Qxh5 Qxh5 23. gxh5 Kxh7 24. a3 Nc6 25. b4 Rh8 
26. Nb3 Kg8 27. Kg2 Ne7 28. Nc5 Rb8 29. Nd7 Rd8 30. Nc5 Rb8 31. a4 Rxh5 
32. Rfd1 Rh6 33. a5 Bxc5 34. Rxc5 Rg6+ 35. Kf1 Rc6 36. Rdc1 Rbc8 37. Nd4 Rxc5 
38. bxc5 Kf8 39. h4 g6 40. Ke2 Rc7 41. f3 Kg7 42. Rb1 Kf6 43. Rb6+ Kg7 
44. Rb1 Kf6 45. Kd3 Kg7 46. e4 Kf6 47. exd5 Nxd5 48. Kc4 Ne3+ 49. Kd3 Nd5 
50. Kc4 Ne3+ 51. Kd3 Nd5 1/2-1/2

[Event "Friday 12 January Rapid Engine Tour12+1 Rponds 9 Starts 1600 ST"]
[Site "Infinity Chess"]
[Date "2018.1.12"]
[Round "8"]
[White "Harry_Potter"]
[Black "neófito"]
[Result "1/2-1/2"]
[ECO "A20"]
[WhiteElo "2506"]
[BlackElo "2430"]
[WhiteEngine "asmFishW_2018-01-11_bmi2_CTG"]
[BlackEngine "BrainFish_180106_x64_bmi2_CTG"]
[EventType "Swiss"]
[WhiteTeam ""]
[BlackTeam ""]
[PlyCount "139"]
[TimeControl "720+1"]

1. c4 e5 2. g3 d5 3. cxd5 Qxd5 4. Nf3 Nc6 5. Nc3 Qd6 6. Bg2 Nf6 7. Qa4 Qb4 
8. d3 Qxa4 9. Nxa4 Nd4 10. Nxd4 exd4 11. Bf4 Bd7 12. b3 c6 13. Rc1 Be6 
14. Nc5 Bxc5 15. Rxc5 O-O 16. Bg5 a5 17. Bxf6 gxf6 18. Kd2 a4 19. Rb1 axb3 
20. axb3 Ra2+ 21. Rc2 Rfa8 22. Bf3 Ra1 23. Rxa1 Rxa1 24. Rb2 Rf1 25. h4 f5 
26. b4 Rxf2 27. b5 Rf1 28. bxc6 bxc6 29. Bxc6 Kg7 30. Bg2 Rg1 31. Bf3 Kf6 
32. Rb4 Ke5 33. e3 Rxg3 34. exd4+ Kd6 35. Ke2 Bd5 36. Bxd5 Kxd5 37. Rb7 Kxd4 
38. Rxf7 Rh3 39. Rxh7 Ke5 40. d4+ Kxd4 41. h5 f4 42. h6 Ke4 43. Re7+ Kf5 
44. h7 Kf6 45. Rb7 Ke5 46. Rf7 Ke4 47. Re7+ Kf5 48. Rf7+ Ke4 49. Re7+ Kf5 
50. Rg7 Ke4 51. Kf2 Rh2+ 52. Kg1 Rh3 53. Kg2 Rh4 54. Rb7 Kf5 55. Kf3 Rh3+ 
56. Ke2 Rh2+ 57. Kd3 Rh1 58. Kd2 Ke4 59. Re7+ Kf5 60. Rf7+ Ke4 61. Re7+ Kf5 
62. Rf7+ Ke4 63. Rb7 Rh2+ 64. Ke1 Kd4 65. Re7 Kd3 66. Kf1 f3 67. Kg1 Rh4 
68. Kf2 Rh3 69. Re1 Rxh7 70. Kxf3 1/2-1/2

[Event "Friday 12 January Rapid Engine Tour12+1 Rponds 9 Starts 1600 ST"]
[Site "Infinity Chess"]
[Date "2018.1.12"]
[Round "8"]
[White "localhero"]
[Black "Thor"]
[Result "1/2-1/2"]
[ECO "A46"]
[WhiteElo "2437"]
[BlackElo "2472"]
[WhiteEngine "asmFishW_2017-10-04_popcnt"]
[BlackEngine "asmFishW_2017-11-19_bmi2"]
[EventType "Swiss"]
[WhiteTeam ""]
[BlackTeam ""]
[PlyCount "111"]
[TimeControl "720+1"]

1. d4 Nf6 2. Nf3 d5 3. e3 e6 4. Bd3 c5 5. b3 b6 6. Nbd2 Nbd7 7. O-O Be7 
8. Qe2 Bb7 9. Bb2 O-O 10. c4 cxd4 11. Nxd4 g6 12. N4f3 Nc5 13. Bc2 Nfe4 
14. b4 Nxd2 15. Nxd2 Nd7 16. cxd5 Bxd5 17. a3 Bf6 18. Bxf6 Nxf6 19. Bd3 a5 
20. bxa5 Rxa5 21. e4 Bb7 22. Rfc1 Ra4 23. h3 Rd4 24. Rc3 Re8 25. Qe3 Re7 
26. Nf3 Nxe4 27. Bxe4 Rxe4 28. Rd3 Qc8 29. Qxb6 Bd5 30. Nh2 Rb7 31. Qa5 Qc2 
32. Rc3 Qb2 33. Rd1 Kg7 34. Ng4 Rbb4 35. Rf3 Rbc4 36. Ne3 Red4 37. Rxd4 Rxd4 
38. Nxd5 Rd1+ 39. Kh2 Qe5+ 40. g3 Qxd5 41. Qxd5 Rxd5 42. Rf4 Ra5 43. a4 f5 
44. g4 e5 45. Rb4 Kf6 46. Kg3 Ke6 47. Rb6+ Kd5 48. gxf5 gxf5 49. Rb5+ Rxb5 
50. axb5 Kc5 51. Kh4 Kxb5 52. Kg5 Kc5 53. Kxf5 Kd5 54. Kg5 Ke4 55. Kg4 Kd5 
56. Kf3 1/2-1/2

[Event "Friday 12 January Rapid Engine Tour12+1 Rponds 9 Starts 1600 ST"]
[Site "Infinity Chess"]
[Date "2018.1.12"]
[Round "8"]
[White "KULLANI"]
[Black "Murx"]
[Result "0-1"]
[ECO "C55"]
[WhiteElo "2446"]
[BlackElo "2473"]
[WhiteEngine "BrainFish_180106_x64_CTG"]
[BlackEngine "BrainFish_171226_x64_modern"]
[EventType "Swiss"]
[WhiteTeam ""]
[BlackTeam ""]
[PlyCount "480"]
[TimeControl "720+1"]

1. e4 e5 2. Nf3 Nc6 3. Bc4 Nf6 4. d3 Bc5 5. c3 d6 6. O-O O-O 7. Bg5 h6 8. Bh4 a6 
9. Re1 g5 10. Bg3 Ba7 11. Nbd2 Nh7 12. h3 h5 13. d4 g4 14. hxg4 hxg4 15. Bh4 Qd7 
16. Nh2 Kh8 17. Be2 Rg8 18. Nb3 Qe6 19. Bxg4 Rxg4 20. Qxg4 Qxg4 21. Nxg4 Bxg4 
22. d5 Nb8 23. Kf1 Kg7 24. f3 Bd7 25. g4 Be8 26. Na5 b6 27. Nc4 b5 28. Ne3 Bxe3 
29. Rxe3 Nd7 30. Bf2 Nc5 31. Kg2 a5 32. Kg3 f6 33. Re2 Ng5 34. Be3 a4 
35. Rc1 Rb8 36. Rh2 Bg6 37. Rd1 a3 38. Bxc5 dxc5 39. b3 Nf7 40. c4 b4 
41. Rhh1 Re8 42. Rc1 Ng5 43. Ra1 Bf7 44. Rad1 Bg6 45. Kf2 Nf7 46. Kg3 Kf8 
47. Rhg1 Kg7 48. Rh1 Nd6 49. Kf2 Rd8 50. Rhe1 Nf7 51. Kg3 Ng5 52. Rh1 Nf7 
53. Rh2 Rg8 54. Rf1 Kf8 55. Rfh1 Kg7 56. Re1 Kf8 57. Kf2 Ke8 58. Reh1 Kd8 
59. Rh4 Kd7 60. Kg3 Kd6 61. R4h2 Ra8 62. Rg2 Ke7 63. Re2 Rd8 64. Rd2 Nd6 
65. Rdh2 Nf7 66. Rd2 Kd6 67. Rdh2 Rc8 68. Rh4 Ra8 69. Kf2 Rc8 70. Kg3 Ke7 
71. Rc1 Rd8 72. Rch1 Rf8 73. Re1 Ra8 74. Rc1 Ra7 75. Rh2 Ra6 76. Kf2 Ke8 
77. Rch1 Rb6 78. Ke3 Ra6 79. Rh4 Rb6 80. R4h2 Rb7 81. Rh4 Ke7 82. R1h2 Rb8 
83. Rh1 Rb6 84. Kd3 Rb8 85. R1h2 Rc8 86. Ke3 Rd8 87. R4h3 Kf8 88. Rh1 Ke7 
89. R3h2 c6 90. Rd1 Rc8 91. Rc1 Nd6 92. Rh6 Kf7 93. Rd1 Kg7 94. Rh2 Be8 
95. Rdh1 Nf7 96. Rh7+ Kg6 97. R7h2 Rd8 98. Rc1 Rc8 99. Re1 cxd5 100. exd5 Bd7 
101. Rg1 Nd6 102. Rhh1 Nf7 103. Rh3 Re8 104. Rhh1 Ng5 105. Ke2 Kf7 106. Kf2 Ke7 
107. Ke3 Rg8 108. Rf1 Be8 109. Re1 Bd7 110. Kf2 Nf7 111. Rh7 Rg6 112. Rh5 Bc8 
113. Re2 Rg8 114. Re1 Ng5 115. Reh1 Nf7 116. Re1 Bd7 117. Rh7 Rg5 118. Ke3 Rg6 
119. Rg1 Rg5 120. Re1 Kf8 121. Rh5 Rg7 122. Rg1 Ke7 123. Rg2 Rg8 124. Rg1 Kd6 
125. Rh7 Ke7 126. Kf2 Ke8 127. Re1 Ke7 128. Rh4 Rg7 129. Rh3 Kd6 130. Rh5 Ke7 
131. Rh4 Rg5 132. Rh5 Rg7 133. Rhh1 Rg5 134. Rh4 Kf8 135. Ke3 Kg7 136. Kf2 Kg6 
137. Kf1 Kg7 138. Kf2 Kf8 139. Ke3 Rg6 140. Rh5 Ke8 141. Re2 Ke7 142. Rg2 Rg8 
143. Rh7 Bf5 144. Rh1 Bg6 145. Rgg1 Re8 146. Rh4 Rf8 147. Rhh1 f5 148. gxf5 Bxf5 
149. Rh4 Nd6 150. Rh2 Rf6 151. Rg8 Bb1 152. Ra8 Rf7 153. Ra7+ Kf8 154. Ra5 Nf5+ 
155. Kf2 Bxa2 156. Ra8+ Ke7 157. Ra7+ Kf8 158. Ra8+ Ke7 159. Ra7+ Kf6 
160. Ra6+ Kg7 161. Rg2+ Kh7 162. Rh2+ Kg8 163. Ra8+ Rf8 164. Ra7 Re8 
165. Rg2+ Kf8 166. Rg6 Re7 167. Ra8+ Kf7 168. Raa6 Ng7 169. Rgf6+ Kg8 
170. Rfc6 Bxb3 171. Rxc5 a2 172. d6 Rd7 173. Rc7 Rxd6 174. Raa7 Ne6 
175. Rcb7 Bxc4 176. Rb8+ Nd8 177. Rxb4 Ra6 178. Rxa6 Bxa6 179. Ra4 Bc4 
180. Ke1 Ne6 181. Kd2 Bd5 182. Kc3 Bxf3 183. Rxa2 Kf7 184. Kd3 Bc6 185. Rb2 Kf6 
186. Rc2 Nd4 187. Rc5 Bb7 188. Rc7 Ne6 189. Rc1 e4+ 190. Ke3 Ke5 191. Rc4 Ng7 
192. Ra4 Nf5+ 193. Kd2 Bd5 194. Ke1 Bc6 195. Rc4 Bd7 196. Kf2 Be6 197. Ra4 Bb3 
198. Rb4 Bd5 199. Rb8 e3+ 200. Ke1 Bc4 201. Rb4 Kd4 202. Rb7 Kd3 203. Rc7 Nd4 
204. Rd7 Ke4 205. Re7+ Be6 206. Re8 Kf3 207. Rf8+ Bf5 208. Re8 Nc2+ 209. Kd1 Kf2 
210. Re5 Nd4 211. Kc1 e2 212. Kb2 e1=Q 213. Rxe1 Kxe1 214. Kc3 Ne6 215. Kc4 Be4 
216. Kc3 Ke2 217. Kb2 Kd2 218. Kb3 Kd3 219. Kb2 Nd4 220. Kb1 Kc3+ 221. Ka1 Bf5 
222. Ka2 Nb3 223. Ka3 Bb1 224. Ka4 Nd4 225. Ka5 Be4 226. Kb6 Ne6 227. Kb5 Kb3 
228. Ka5 Bc6 229. Kb6 Be8 230. Ka5 Ka3 231. Kb6 Kb4 232. Ka6 Ba4 233. Kb6 Bb5 
234. Ka7 Ka5 235. Kb7 Bd7 236. Ka7 Nc5 237. Kb8 Kb6 238. Ka8 Bf5 239. Kb8 Na6+ 
240. Ka8 Be4# 0-1